XFBL
MONTREAL EXPOS @ CINCINNATI REDS
08/24/1982
 
TOP OF THE 1ST
Montreal Expos batting - Pitching for Cincinnati Reds : RHP Larry Dierker
Pitching: RHP Larry Dierker
Batting: LHB Duane Walker 0-0: Ball
1-0: Foul Ball, location: 2F
1-1: Ball
2-1: Fly out, F6 (Flyball, 6D, EV 80.6 MPH)
Batting: SHB Garry Templeton 0-0: Fly out, F9 (Flyball, 89XD, EV 79.4 MPH)
Batting: LHB Kirk Gibson 0-0: Swinging Strike
0-1: Ground out 6-3 (Groundball, 6MS, EV 83.1 MPH)
Top of the 1st over - 0 runs, 0 hits, 0 errors, 0 left on base; Montreal 0 - Cincinnati 0
BOTTOM OF THE 1ST
Cincinnati Reds batting - Pitching for Montreal Expos : LHP Mark W Davis
Pitching: LHP Mark W Davis
Batting: RHB Jim Anderson 0-0: Ball
1-0: Ball
2-0: SINGLE (Groundball, 56D, EV 100.0 MPH)
Batting: RHB Marco Mosquera 0-0: Foul Ball, location: 2F
0-1: Ball
1-1: Fielders Choice at 2nd, 3-6 (Groundball, 3, EV 80.0 MPH)
Batting: RHB Gary Matthews 0-0: Hit by Pitch
Marco Mosquera to second
Batting: LHB Mike Easler 0-0: Called Strike
0-1: Ball
1-1: Foul Ball, location: 2F
1-2: Ball
2-2: Ball
3-2: Foul Ball, location: 2F
3-2: Strikes out swinging
Batting: RHB Johnny Bench 0-0: Called Strike
0-1: Foul Ball, location: 2F
0-2: Ball
1-2: SINGLE (Groundball, 56D, EV 113.8 MPH)
Marco Mosquera to third
Gary Matthews to second
Runner from 3rd tries for Home, SAFE, throw by LF to home
Batting: RHB Nick Deurloo 0-0: Foul Ball, location: 2F
0-1: Ball
Wild Pitch!
Gary Matthews to third
Johnny Bench to second
1-1: Swinging Strike
1-2: Ball
2-2: Foul Ball, location: 2F
2-2: Fly out, F8 (Flyball, 8RM, EV 77.5 MPH)
Bottom of the 1st over - 1 run, 2 hits, 0 errors, 2 left on base; Montreal 0 - Cincinnati 1
TOP OF THE 2ND
Montreal Expos batting - Pitching for Cincinnati Reds : RHP Larry Dierker
Batting: RHB Dale Murphy 0-0: Ground out 6-3 (Groundball, 6S, EV 81.3 MPH)
Batting: LHB Timnothy Meyer 0-0: Swinging Strike
0-1: Reached on error, E1 (Groundball, 15S, EV 72.5 MPH)
Batting: LHB Ernesto Quevedo 0-0: Swinging Strike
0-1: Ball
1-1: Fielders Choice at 2nd, 4-6 (Groundball, 4, EV 78.1 MPH)
Batting: RHB Luis Sanchez 0-0: Ball
1-0: Ball
2-0: Called Strike
2-1: Ground out 4-3 (Groundball, 4MD, EV 95.0 MPH)
Top of the 2nd over - 0 runs, 0 hits, 1 error, 1 left on base; Montreal 0 - Cincinnati 1
BOTTOM OF THE 2ND
Cincinnati Reds batting - Pitching for Montreal Expos : LHP Mark W Davis
Batting: RHB Jesus Alfaro 0-0: Ball
1-0: Ball
2-0: Called Strike
2-1: Foul Ball, location: 2F
2-2: Ball
3-2: Ground out 6-3 (Groundball, 6, EV 91.3 MPH)
Batting: RHB Ramon Borrero 0-0: Ball
1-0: Ball
2-0: Called Strike
2-1: Ball
3-1: Ground out U3 (Groundball, 34, EV 83.8 MPH)
Batting: RHB Larry Dierker 0-0: Called Strike
0-1: Ball
1-1: Ball
2-1: Foul Ball, location: 2F
2-2: Strikes out swinging
Bottom of the 2nd over - 0 runs, 0 hits, 0 errors, 0 left on base; Montreal 0 - Cincinnati 1
TOP OF THE 3RD
Montreal Expos batting - Pitching for Cincinnati Reds : RHP Larry Dierker
Batting: SHB Biff Pocoroba 0-0: Fly out, F8 (Line Drive, 8LM, EV 91.9 MPH)
Batting: LHB Mark W Davis 0-0: Ball
1-0: Swinging Strike
1-1: Foul Ball, location: 2F
1-2: Ball
2-2: Strikes out swinging
Batting: LHB Duane Walker 0-0: Ball
1-0: Called Strike
1-1: Foul Ball, location: 2F
1-2: Strikes out looking
Top of the 3rd over - 0 runs, 0 hits, 0 errors, 0 left on base; Montreal 0 - Cincinnati 1
BOTTOM OF THE 3RD
Cincinnati Reds batting - Pitching for Montreal Expos : LHP Mark W Davis
Batting: RHB Jim Anderson 0-0: Ball
1-0: Ground out 4-3 (Groundball, 4, EV 83.1 MPH)
Batting: RHB Marco Mosquera 0-0: Ball
1-0: Called Strike
1-1: Foul Ball, location: 2F
1-2: Foul Ball, location: 2F
1-2: Foul Ball, location: 2F
1-2: Strikes out swinging
Batting: RHB Gary Matthews 0-0: Ball
1-0: Called Strike
1-1: Called Strike
1-2: Ground out 5-3 (Groundball, 56, EV 81.9 MPH)
Bottom of the 3rd over - 0 runs, 0 hits, 0 errors, 0 left on base; Montreal 0 - Cincinnati 1
TOP OF THE 4TH
Montreal Expos batting - Pitching for Cincinnati Reds : RHP Larry Dierker
Batting: SHB Garry Templeton 0-0: Ground out 4-3 (Groundball, 4M, EV 93.8 MPH)
Batting: LHB Kirk Gibson 0-0: Ground out U3 (Groundball, 34, EV 91.3 MPH)
Batting: RHB Dale Murphy 0-0: Swinging Strike
0-1: Fly out, F8 (Flyball, 89XD, EV 88.8 MPH)
Top of the 4th over - 0 runs, 0 hits, 0 errors, 0 left on base; Montreal 0 - Cincinnati 1
BOTTOM OF THE 4TH
Cincinnati Reds batting - Pitching for Montreal Expos : LHP Mark W Davis
Batting: LHB Mike Easler 0-0: Ball
1-0: Called Strike
1-1: Swinging Strike
1-2: SINGLE (Groundball, 56D, EV 93.8 MPH)
Batting: RHB Johnny Bench 0-0: Ball
1-0: Ball
2-0: Called Strike
2-1: Called Strike
2-2: Strikes out swinging
Batting: RHB Nick Deurloo 0-0: Ball
1-0: Ball
2-0: Called Strike
2-1: Foul Ball, location: 2F
2-2: Strikes out swinging
Batting: RHB Jesus Alfaro 0-0: Called Strike
0-1: Ball
1-1: Swinging Strike
1-2: Foul Ball, location: 2F
1-2: Strikes out looking
Bottom of the 4th over - 0 runs, 1 hit, 0 errors, 1 left on base; Montreal 0 - Cincinnati 1
TOP OF THE 5TH
Montreal Expos batting - Pitching for Cincinnati Reds : RHP Larry Dierker
Batting: LHB Timnothy Meyer 0-0: Called Strike
0-1: Swinging Strike
0-2: TRIPLE (Line Drive, 8RXD, EV 110.0 MPH)
Batting: LHB Ernesto Quevedo 0-0: Ball
1-0: Ball
2-0: Foul Ball, location: 2F
2-1: Ball
3-1: Foul Ball, location: 2F
3-2: Strikes out swinging
Batting: RHB Luis Sanchez 0-0: Fly out, F2 (Popup, 23F, EV 82.5 MPH)
Batting: SHB Biff Pocoroba 0-0: Intentional Walk
Batting: LHB Mark W Davis 0-0: Called Strike
0-1: Called Strike
0-2: Ball
1-2: Foul Ball, location: 2F
1-2: Strikes out swinging
Top of the 5th over - 0 runs, 1 hit, 0 errors, 2 left on base; Montreal 0 - Cincinnati 1
BOTTOM OF THE 5TH
Cincinnati Reds batting - Pitching for Montreal Expos : LHP Mark W Davis
Batting: RHB Ramon Borrero 0-0: Ground out 6-3 (Groundball, 56, EV 106.9 MPH)
Batting: RHB Larry Dierker 0-0: Swinging Strike
0-1: Ball
1-1: Foul Ball, location: 2F
1-2: Foul Ball, location: 2F
1-2: Reached on error, E6 (Groundball, 6M, EV 103.1 MPH)
Batting: RHB Jim Anderson 0-0: Ball
1-0: Ground out 6-3 (Groundball, 6, EV 110.0 MPH)
Batting: RHB Marco Mosquera 0-0: Foul Ball, location: 2F
0-1: Ball
1-1: Swinging Strike
1-2: 2-RUN HOME RUN (Flyball, 7D, EV 105.0 MPH), Distance : 394 ft
Batting: RHB Gary Matthews 0-0: Called Strike
0-1: Ball
1-1: Ball
2-1: Foul Ball, location: 2F
2-2: SINGLE (Flyball, 34D, EV 91.3 MPH)
Batting: LHB Mike Easler 0-0: SINGLE (Groundball, 3D, EV 95.6 MPH)
Gary Matthews to second
Runner from 2nd tries for 3rd, SAFE, throw by RF made to third
Mike Easler to second
Batting: RHB Johnny Bench 0-0: Ball
1-0: Called Strike
1-1: Called Strike
1-2: Strikes out swinging
Bottom of the 5th over - 2 runs, 3 hits, 1 error, 2 left on base; Montreal 0 - Cincinnati 3
TOP OF THE 6TH
Montreal Expos batting - Pitching for Cincinnati Reds : RHP Larry Dierker
Batting: LHB Duane Walker 0-0: Called Strike
0-1: Ball
1-1: Foul Ball, location: 2F
1-2: Foul Ball, location: 2F
1-2: Ball
2-2: Foul Ball, location: 2F
2-2: Fly out, F6 (Popup, P, EV 79.4 MPH)
Batting: SHB Garry Templeton 0-0: Called Strike
0-1: Ball
1-1: Swinging Strike
1-2: Fly out, F8 (Flyball, 8RXD, EV 93.8 MPH)
Batting: LHB Kirk Gibson 0-0: Foul Ball, location: 2F
0-1: SINGLE (Line Drive, 3D, EV 101.9 MPH)
Batting: RHB Dale Murphy 0-0: Called Strike
Kirk Gibson steals 2nd base
0-1: Ball
1-1: Called Strike
1-2: Ground out 1-3 (Groundball, 15S, EV 70.0 MPH)
Top of the 6th over - 0 runs, 1 hit, 0 errors, 1 left on base; Montreal 0 - Cincinnati 3
BOTTOM OF THE 6TH
Cincinnati Reds batting - Pitching for Montreal Expos : LHP Mark W Davis
Batting: RHB Nick Deurloo 0-0: Foul Ball, location: 2F
0-1: Foul Ball, location: 2F
0-2: Fly out, F8 (Flyball, 8RS, EV 95.0 MPH)
Batting: RHB Jesus Alfaro 0-0: Ball
1-0: Ground out 6-3 (Groundball, 6, EV 81.9 MPH)
Batting: RHB Ramon Borrero 0-0: Ground out 4-3 (Groundball, 4, EV 86.3 MPH)
Bottom of the 6th over - 0 runs, 0 hits, 0 errors, 0 left on base; Montreal 0 - Cincinnati 3
TOP OF THE 7TH
Montreal Expos batting - Pitching for Cincinnati Reds : RHP Larry Dierker
Batting: LHB Timnothy Meyer 0-0: Swinging Strike
0-1: Foul Ball, location: 2F
0-2: Strikes out swinging
Batting: LHB Ernesto Quevedo 0-0: Ball
1-0: Foul Ball, location: 2F
1-1: Fly out, F8 (Flyball, 8LS, EV 90.0 MPH)
Batting: RHB Luis Sanchez 0-0: Ball
1-0: Foul Ball, location: 2F
1-1: Ball
2-1: SINGLE (Line Drive, 9S, EV 112.5 MPH)
Batting: SHB Biff Pocoroba 0-0: Ball
1-0: SINGLE (Groundball, 4MD, EV 110.0 MPH)
Luis Sanchez to second
Runner from 2nd tries for 3rd, SAFE, throw by CF made to third
Batting: LHB Mark W Davis 0-0: Ball
1-0: Fielders Choice at 2nd, U4 (Groundball, 4M, EV 84.4 MPH)
Top of the 7th over - 0 runs, 2 hits, 0 errors, 2 left on base; Montreal 0 - Cincinnati 3
BOTTOM OF THE 7TH
Cincinnati Reds batting - Pitching for Montreal Expos : LHP Mark W Davis
Batting: RHB Larry Dierker 0-0: Ground out 6-3 (Groundball, 6D, EV 102.5 MPH)
Batting: RHB Jim Anderson 0-0: Ball
1-0: Ball
2-0: Ball
3-0: Called Strike
3-1: Base on Balls
Batting: RHB Marco Mosquera 0-0: Ball
1-0: Ball
2-0: DOUBLE (Line Drive, 78XD, EV 105.0 MPH)
Jim Anderson to third
Runner from 3rd tries for Home, SAFE, throw by CF to home
Batting: RHB Gary Matthews 0-0: Called Strike
0-1: Foul Ball, location: 2F
0-2: Ball
1-2: Ball
2-2: Strikes out swinging
Batting: LHB Mike Easler 0-0: Ball
1-0: Called Strike
1-1: SINGLE (Groundball, 4MD, EV 103.8 MPH)
Marco Mosquera to third
Runner from 3rd tries for Home, SAFE, throw by CF to home
Batting: RHB Johnny Bench 0-0: Ball
1-0: 2-RUN HOME RUN (Flyball, 7LD, EV 106.9 MPH), Distance : 346 ft
Pitching: LHP Roy Scott
Batting: RHB Nick Deurloo 0-0: Ball
1-0: Fly out, F7 (Line Drive, 7D, EV 95.0 MPH)
Bottom of the 7th over - 4 runs, 3 hits, 0 errors, 0 left on base; Montreal 0 - Cincinnati 7
TOP OF THE 8TH
Montreal Expos batting - Pitching for Cincinnati Reds : RHP Larry Dierker
Batting: LHB Duane Walker 0-0: Ball
1-0: Ball
2-0: Ball
3-0: Base on Balls
Batting: SHB Garry Templeton 0-0: Ball
Wild Pitch!
Duane Walker to second
1-0: Ground out 6-3 (Groundball, 6, EV 87.5 MPH)
Duane Walker to third
Batting: LHB Kirk Gibson 0-0: Called Strike
0-1: Ball
1-1: Foul Ball, location: 2F
1-2: Ball
2-2: DOUBLE (Flyball, 8LXD, EV 98.1 MPH)
Duane Walker scores
Batting: RHB Dale Murphy 0-0: Ball
1-0: Swinging Strike
1-1: Ball
2-1: Foul Ball, location: 2F
2-2: SINGLE (Line Drive, 9LS, EV 97.5 MPH)
Kirk Gibson to third
Runner from 3rd tries for Home, throw by RF and OUT! 9-2
Dale Murphy to second
Batting: LHB Timnothy Meyer 0-0: Foul Ball, location: 2F
0-1: Ball
1-1: Swinging Strike
1-2: Ball
2-2: Foul Ball, location: 2F
2-2: Ball
3-2: Strikes out swinging
Top of the 8th over - 1 run, 2 hits, 0 errors, 1 left on base; Montreal 1 - Cincinnati 7
BOTTOM OF THE 8TH
Cincinnati Reds batting - Pitching for Montreal Expos : LHP Roy Scott
Batting: RHB Jesus Alfaro 0-0: Foul Ball, location: 2F
0-1: Ball
1-1: Fly out, F9 (Flyball, 9LM, EV 104.4 MPH)
Batting: RHB Ramon Borrero 0-0: Called Strike
0-1: Swinging Strike
0-2: Ball
1-2: Ball
2-2: Strikes out swinging
Batting: RHB Larry Dierker 0-0: Ball
1-0: Called Strike
1-1: Swinging Strike
1-2: Strikes out looking
Bottom of the 8th over - 0 runs, 0 hits, 0 errors, 0 left on base; Montreal 1 - Cincinnati 7
TOP OF THE 9TH
Montreal Expos batting - Pitching for Cincinnati Reds : RHP Larry Dierker
Batting: LHB Ernesto Quevedo 0-0: Ball
1-0: Fly out, F7 (Flyball, 78XD, EV 111.3 MPH)
Batting: RHB Luis Sanchez 0-0: Called Strike
0-1: Foul Ball, location: 2F
0-2: SINGLE (Groundball, 56S, EV 66.3 MPH) (infield hit)
Batting: SHB Biff Pocoroba 0-0: Fielders Choice at 2nd, 4-6 (Groundball, 4MD, EV 104.4 MPH)
Pinch Hitting: LHB Guonçalo Fernandes 0-0: Ball
1-0: Fielders Choice at 2nd, 6-4 (Groundball, 6, EV 89.4 MPH)
Top of the 9th over - 0 runs, 1 hit, 0 errors, 1 left on base; Montreal 1 - Cincinnati 7
Wednesday, August 26th, 2020 - OOTP Baseball 21.5 Build 76